 Dungeon Crawl Stone Soup version 0.20-a0-893-g832831a (webtiles) character file.

16 dvd the Stinger (level 2, 0/17 HPs)
             Began as an Octopode Venom Mage on Mar 16, 2017.
             Slain by Sigmund
             ... wielding a +0 scythe
              (6 damage)
             ... on level 2 of the Dungeon.
             The game lasted 00:02:13 (1292 turns).

dvd the Stinger (Octopode Venom Mage)               Turns: 1292, Time: 00:02:14

Health: 0/17       AC:  1    Str:  7    XL:     2   Next: 58%
Magic:  1/5        EV: 13    Int: 17    God:
Gold:   76         SH:  0    Dex: 12    Spells: 2/5 levels left

rFire    . . .     SeeInvis .   l - +0 dagger
rCold    . . .     Gourm    .   (no shield)
rNeg     . . .     Faith    .   (helmet restricted)
rPois    .         Spirit   .   (no amulet)
rElec    .         Reflect  .   (no ring)
rCorr    .         Harm     .   (no ring)
MR       .....                  (no ring)
Stlth    +++.......             (no ring)
Regen    0.1/turn               (no ring)
MPRegen  0.1/turn               (no ring)
                                (no ring)
                                (no ring)

@: no status effects
A: almost no armour, stealthy swim, amphibious, 8 rings, constrict 8, camouflage
1, gelatinous body 1
a: no special abilities


You were on level 2 of the Dungeon.
You were hungry.

You visited 1 branch of the dungeon, and saw 2 of its levels.

You collected 76 gold pieces.

Inventory:

Hand Weapons
 l - a +0 dagger (weapon)
Scrolls
 k - a scroll of magic mapping {unknown}
 m - 2 scrolls of remove curse {unknown}
Potions
 c - a potion of flight {unknown}
 d - a potion of might {unknown}
 e - a potion of magic {unknown}
 i - a potion of lignification {unknown}
 j - a potion of heal wounds {unknown}
Books
 a - a Young Poisoner's Handbook

   Spells                             Type                      Level
   a - Sting                          Conjuration/Poison           1
   b - Poisonous Vapours              Poison/Air                   2
   c - Mephitic Cloud                 Conjuration/Poison/Air       3
   d - Olgreb's Toxic Radiance        Poison                       4
   e - Venom Bolt                     Conjuration/Poison           5
Comestibles
 b - a bread ration
 g - a meat ration
 h - a royal jelly


   Skills:
 + Level 2.0 Dodging
 + Level 2.9 Stealth
 + Level 2.2 Spellcasting
 + Level 1.3 Conjurations
 + Level 4.1 Poison Magic


You had 2 spell levels left.
You knew the following spells:

 Your Spells              Type           Power        Failure   Level  Hunger
a - Sting                 Conj/Pois      ##..         10%         1    #......
b - Poisonous Vapours     Pois/Air       #.....       14%         2    ###....


Dungeon Overview and Level Annotations

Branches:
Dungeon (2/15)

Altars:

Annotations:
D:2 Sigmund


Innate Abilities, Weirdness & Mutations

You cannot wear most types of armour.
You are very stealthy in the water. (Stealth+)
You are amphibious.
You can wear up to eight rings at the same time.
You can use your tentacles to constrict eight enemies at once.
Your skin changes colour to match your surroundings (Stealth+).
Your rubbery body absorbs attacks. (AC +1, EV +1)


Message History

The bat closely misses you. The bat hits you.
The bat hits you but does no damage. The bat hits you.
The bat barely misses you. The bat barely misses you.
The bat closely misses you. The bat hits you but does no damage.
You hit the bat but do no damage. Your grab misses the bat.
The bat hits you but does no damage. The bat hits you but does no damage.
You barely miss the bat. You grab the bat. You constrict the bat.
The bat closely misses you.
The bat struggles to escape constriction.
Sigmund hits you from afar with a scythe!
Ouch! That really hurt!
Unknown command.
You hit the bat.
The bat is heavily wounded.
You constrict the bat. The bat misses you.
Sigmund hits you from afar with a scythe.
You die...

#.........#.......#
#...........#..##.#
#.........#...## .#
##.....##.# ..# .
#.....# .# ..#
#K.#### ##..# #@##
#b## #.@# ####


You could see Sigmund, a bat and a kobold.

Vanquished Creatures
  A dart slug (D:1)
  2 bats (D:1)
  2 giant cockroaches (D:1)
  A hobgoblin (D:1)
  A frilled lizard (D:1)
  3 goblins (D:1)
  A kobold (D:1)
  3 rats (D:1)
14 creatures vanquished.

Notes
Turn   | Place    | Note
-------+----------+-------------------------------------------
     0 | D:1      | dvd the Octopode Venom Mage began the quest for the Orb.
     0 | D:1      | Reached XP level 1. HP: 11/11 MP: 3/3
   287 | D:1      | Reached XP level 2. HP: 17/17 MP: 3/5
   294 | D:1      | Learned a level 2 spell: Poisonous Vapours
   398 | D:1      | Reached skill level 4 in Poison Magic
   997 | D:2      | Noticed Sigmund
  1292 | D:2      | Slain by Sigmund

Vault maps used:
D:1:      nicolae_arrival_somewhat_less_tricky_arrival
D:2:      gammafunk_temple_overflow_elements, uniq_jessica, uniq_sigmund

Skill      XL: |  1  2 |
---------------+-------+-----
Poison Magic   | 4 |  4.1
Dodging        | |  2.0
Stealth        | |  2.9
Spellcasting   | |  2.2
Conjurations   | |  1.3

Action                   || total
-------------------------++-------
Melee: Unarmed           ||    29
       Constrict         ||     6
       Tentacles         ||     6
       Dagger            ||     7
 Cast: Sting             ||     7
       Poisonous Vapours ||     7
 Stab: Sleeping          ||     4
  Eat: Chunk             ||     1
Armor: Skin              ||     8
Dodge: Dodged            ||    40
